 Dungeon Crawl Stone Soup version 0.31-a0-325-g067879e3d3 (webtiles) character file.

Game seed: 936259895728437632

67 Grim the Cudgeller (level 4, -3/48 HPs)
             Began as an Ogre Berserker on July 18, 2023.
             Was a Believer of Trog.
             Slain by Crazy Yiuf
             ... wielding a +4 quarterstaff of chaos
              (5 damage)
             ... on level 2 of the Dungeon.
             The game lasted 00:02:01 (1421 turns).

Grim the Cudgeller (Ogre Berserker)                 Turns: 1421, Time: 00:02:02

Health: -3/48      AC:  5    Str: 23    XL:     4   Next: 18%
Magic:  4/4        EV: 10    Int:  8    God:    Trog [**....]
Gold:   103        SH:  0    Dex:  8    Spells: 3/3 levels left

rFire   . . .        a - +0 mace
rCold   . . .        (no shield)
rNeg    . . .        b - +0 animal skin
rPois   .            k - +2 hat
rElec   .            (no cloak)
rCorr   .            (gloves unavailable)
SInv    .            (boots unavailable)
Will    .....        (no amulet)
Stlth   +            (no ring)
HPRegen 0.28/turn    (no ring)
MPRegen 0.09/turn

%: no passive effects
@: lethally poisoned (-3 -> -5), on berserk cooldown, slowed, very slow
A: large, unfitting armour, tough skin 1
a: Renounce Religion, Berserk, Trog's Hand


You were on level 2 of the Dungeon.
You worshipped Trog.
Trog was pleased with you.
You visited 1 branch of the dungeon, and saw 2 of its levels.

You collected 103 gold pieces.

Inventory:

Hand Weapons
 a - a +0 mace (weapon)
Armour
 b - a +0 animal skin (worn)
 k - a +2 hat (worn)
 r - the +2 robe "Caimump" {rN+ Dex+6 Slay-3}
   (You found it on level 2 of the Dungeon)

   Dex:       It affects your dexterity (+6).
   Slay:      It affects your accuracy & damage with ranged weapons and melee
   (-3).
   rN:        It protects you from negative energy.
Jewellery
 i - a ring of ice
 n - an amulet of magic regeneration
Scrolls
 e - a scroll of enchant weapon {unknown}
 g - 2 scrolls of teleportation {unknown}
 h - 2 scrolls of silence {unknown}
 j - a scroll of amnesia {unknown}
 m - 2 scrolls of vulnerability {unknown}
 p - a scroll of fear {unknown}
 q - a scroll of poison {unknown}
Potions
 c - a potion of curing {unknown}
 d - a potion of haste {unknown}
 f - a potion of lignification {unknown}
 l - a potion of might {unknown}
 o - a potion of ambrosia {unknown}


   Skills:
 - Level 4.0 Fighting
 + Level 4.4 Maces & Flails
 - Level 2.6 Dodging


You had 3 spell levels left.
You didn't know any spells.
Your spell library was empty.

Dungeon Overview and Level Annotations

Branches:
Dungeon (2/15)

Altars:

Shops:
D:1 [   D:2 (

Annotations:
D:2 Crazy Yiuf


Innate Abilities, Weirdness & Mutations

You are too large for most types of armour.
You have tough skin. (AC +1)


Message History

There is a stone staircase leading up here.
Found a robe.
Found a stone staircase leading down.
No target in view!
There is a stone staircase leading down here.
You see here a +0 flail.
Crazy Yiuf shouts!
Crazy Yiuf grits, "Goldfish aubergine canine!"
Could not explore, unopened runed door.
A red film seems to cover your vision as you go berserk!
You feel yourself moving faster!
You feel mighty!
The door flies open with a bang!
You feel a strong urge to attack something.
You barely miss Crazy Yiuf. You sock Crazy Yiuf!
Crazy Yiuf is heavily wounded.
Crazy Yiuf hits you with a +4 quarterstaff of chaos!
You are confused.
You bump into the tree.
Crazy Yiuf hits you with a +4 quarterstaff of chaos!
You are poisoned.
You bump into the tree.
You feel a strong urge to attack something.
You feel sick.
Crazy Yiuf hits you with a +4 quarterstaff of chaos.
* * * LOW HITPOINT WARNING * * *
You are electrocuted!
* * * LOW HITPOINT WARNING * * *
You are no longer berserk.
You are exhausted.
You feel yourself slow down.
You feel sick.
You're too confused to move!
You feel sick.
Crazy Yiuf hits you with a +4 quarterstaff of chaos!
* * * LOW HITPOINT WARNING * * *
You blink.
You feel less confused.
* * * LOW HITPOINT WARNING * * *
You feel sick.
Crazy Yiuf hits you with a +4 quarterstaff of chaos.
You die...

########.#.<......#######.##.#
..............##.## #.##.#
#########.######## #.##># #.#
#.##.# #.# ##### #[##.# #.#
#)..# ####.##.# #########.##
#...# #....##.# ...##......#
#...# #.#####.# #..........#
##@## #.# #.# #..##.###.##
♣g♣♣ #.# ###.# #..##.###.#
♣♣§♣ #.# #...# #..#...##.#
♣.♣♣ #.# #.### .....#....#
♣♣.♣ #.# #.# #..#...##.# ♣♣.♣♣
#.# #.# #..##.###.# ♣♣...♣ #.#
#.# #..##.###.## ♣....♣
#.###.# #..##......# #....#
#.....#


You could see Crazy Yiuf.

Vanquished Creatures
  Terence (D:2)
  An adder (D:2)
  A worm (D:2)
  A dart slug (D:1)
  4 endoplasms
  A giant cockroach (D:1)
  6 goblins (D:1)
  A hobgoblin (D:1)
  A kobold (D:2)
  3 ball pythons
  6 bats
  3 rats
29 creatures vanquished.

Notes
Turn   | Place    | Note
-------+----------+-------------------------------------------
     0 | D:1      | Grim the Ogre Berserker began the quest for the Orb.
     0 | D:1      | Reached XP level 1. HP: 24/24 MP: 1/1
    24 | D:1      | Found a faded altar of an unknown god.
    70 | D:1      | Found Ubon's Antique Armour Shoppe.
   132 | D:1      | Reached XP level 2. HP: 32/32 MP: 2/2
   564 | D:2      | Reached XP level 3. HP: 33/39 MP: 3/3
   610 | D:2      | Reached ** piety under Trog
   849 | D:2      | Noticed Terence
   860 | D:2      | Killed Terence
   861 | D:2      | Reached XP level 4. HP: 48/48 MP: 4/4
  1089 | D:2      | Found Ewewarch's Weapon Shoppe.
  1089 | D:2      | Noticed a +0 lajatang
  1090 | D:2      | Noticed a +0 triple crossbow
  1173 | D:2      | Identified the +2 robe "Caimump" {rN+ Dex+6 Slay-3}
  1198 | D:2      | Found a runed translucent door.
  1199 | D:2      | Noticed Crazy Yiuf
  1421 | D:2      | HP: 2/48 [poisoned by Crazy Yiuf]
  1421 | D:2      | Slain by Crazy Yiuf

Illustrated notes

Levels and vault maps discovered:
D:1:      dpeg_arrival_rooms_with_view, layout_basic, basic_ecumenical_altar,
          serial_shops, shop
D:2:      layout_loops_ring, serial_shops, nicolae_shop_mannequins,
          uniq_terence, uniq_crazy_yiuf_cottage

Skill      XL: |  1  2  3 |
---------------+----------+-----
Maces & Flails | 3 4 |  4.4
Fighting       | |  4.0
Dodging        | |  2.6

Action                     |  1- 3 |  4- 6 || total
---------------------------+-------+-------++-------
  Melee: Mace              |    91 |    13 ||   104
         Punch             |     1 |       ||     1
 Invoke: Berserk           |     1 |     1 ||     2
 Armour: Animal skin       |    44 |     4 ||    48
  Dodge: Dodged            |    53 |     1 ||    54

Table legend: (Time is in decaauts)
 A = Elapsed time spent in this place.
 B = Non-inter-level travel time spent in this place.
 C = Inter-level travel time spent in this place.
 D = Time resting spent in this place.
 E = Time spent auto-exploring this place.
 F = Levels seen in this place.
 G = Mean time per level.
                   A        B        C        D        E       F      G
               +--------+--------+--------+--------+--------+-----+--------+
         Total |   1453 |   1444 |      9 |    116 |   1030 |   2 |  726.5 |
       Dungeon |   1453 |   1444 |      9 |    116 |   1030 |   2 |  726.5 |
               +--------+--------+--------+--------+--------+-----+--------+

Top non-repeatable levels by time:
     D:2: 921 daAuts
     D:1: 532 daAuts
